 Dungeon Crawl Stone Soup version 0.18.1-8-gdd0e5ea (webtiles) character file.

310421 nikopol the Phalangite (level 20, -8/189 HPs)
             Began as a Minotaur Berserker on June 8, 2016.
             Was the Champion of Trog.
             Mangled by a deep elf blademaster
             ... wielding a +0 short sword
              (22 damage)
             ... on level 3 of the Elven Halls.
             The game lasted 03:02:36 (44097 turns).

nikopol the Phalangite (Minotaur Berserker)        Turns: 44097, Time: 03:02:37

Health: -8/189     AC: 39    Str: 22    XL:     20   Next: 39%
Magic:  6/6        EV: 21    Int:  5    God:    Trog [******]
Gold:   5287       SH:  0    Dex: 25    Spells: 0 memorised, 19 levels left

rFire  + . .     SeeInvis +     x - +9 bardiche (antimagic)
rCold  . . .     Gourm    .     T - +5 plate armour "Hicwis" {Dex+4}
rNeg   . . .     Faith    .     (shield currently unavailable)
rPois  +         Spirit   .     v - +2 hat {SInv}
rElec  .         Dismiss  .     i - +0 cloak of Classification {rF+ rCorr}
rCorr  +         Reflect  .     Y - +1 pair of gloves {archery}
SustAt .         Harm     .     N - +0 pair of boots
MR     ++...     Rnd*Rage +     F - amulet of regeneration
Stlth  ..........               a - +4 ring of protection
                                M - ring of the Hells {rPois MR+ Dex+6 Stlth+}

@: very resistant to hostile enchantments, extremely unstealthy
A: retaliatory headbutt, horns 2, rough black scales 1, berserk 1, deterioration
1, weak 1
a: Berserk, Trog's Hand, Brothers in Arms, Burn Spellbooks, Renounce Religion
}: 2/15 runes: decaying, gossamer


You were on level 3 of the Elven Halls.
You worshipped Trog.
Trog was exalted by your worship.
You were not hungry.

You visited 6 branches of the dungeon, and saw 36 of its levels.
You visited the Abyss 1 time.
You also visited: Labyrinth, Ice Cave and Volcano.

You collected 5287 gold pieces.

Inventory:

Hand Weapons
 c - the +5 shortbow of the Ten Wishes {speed, +Blink Str+4 Int+3}
   (Trog gifted it to you on level 1 of the Swamp)

   Attacks with this weapon are significantly faster.
   It affects your strength (+4).
   It affects your intelligence (+3).
   It lets you blink.
 x - a +9 antimagic bardiche (weapon)
 U - the +8 glaive of Fiqax {venom, rF- Str+2 Int+6}
   (Trog gifted it to you on level 3 of the Elven Halls)

   It poisons the flesh of those it strikes.
   It affects your strength (+2).
   It affects your intelligence (+6).
   It makes you vulnerable to fire.
 W - a +4 longbow of flaming
Missiles
 z - 746 arrows (quivered)
Armour
 i - the +0 cloak of Classification (worn) {rF+ rCorr}
   (You found it on level 15 of the Dungeon)

   It protects you from fire.
   It protects you from acid and corrosion.
 v - a +2 hat of see invisible (worn)
 N - a +0 pair of boots (worn)
 T - the +5 plate armour "Hicwis" (worn) {Dex+4}
   (You found it on level 1 of the Orcish Mines)

   It affects your dexterity (+4).
 Y - a +1 pair of gloves of archery (worn)
Jewellery
 a - a +4 ring of protection (right hand)
 D - an uncursed ring of protection from cold
 F - an amulet of regeneration (around neck)
 K - the ring "Jonteosio" {+Inv rN+ Int+3 Dex+3}
   (You took it off a deep elf mage on level 2 of the Elven Halls)

   [ring of positive energy]

   It affects your intelligence (+3).
   It affects your dexterity (+3).
   It protects you from negative energy.
   It lets you turn invisible.
 M - the ring of the Hells (left hand) {rPois MR+ Dex+6 Stlth+}
   (You found it in a labyrinth)

   [ring of stealth]

   It affects your dexterity (+6).
   It protects you from poison.
   It affects your resistance to hostile enchantments.
   It makes you more stealthy.
 O - the ring of the Burgomaster {SustAt rPois}
   (You found it on level 4 of the Spider Nest)

   [ring of sustain attributes]

   It sustains your strength, intelligence and dexterity.
   It protects you from poison.
 V - an uncursed ring of positive energy
Wands
 u - a wand of disintegration (20/24)
 w - a wand of teleportation (4/9)
 L - a wand of digging (24/24)
Scrolls
 e - 4 scrolls of enchant weapon
 k - 4 scrolls of magic mapping
 m - 15 scrolls of teleportation
 o - 14 scrolls of remove curse
 r - 5 scrolls of recharging
 C - 2 scrolls of enchant armour
 H - 2 scrolls of fear
 J - 16 scrolls of identify
 Q - a scroll of blinking
 X - a scroll of holy word
Potions
 d - 4 potions of heal wounds
 f - 10 potions of curing
 g - 2 potions of invisibility
 j - 2 potions of haste
 l - 2 potions of cancellation
 p - 4 potions of resistance
 q - 6 potions of agility
 A - 5 potions of magic
 B - 8 potions of flight
 E - 4 potions of ambrosia
 P - a potion of berserk rage
 R - a potion of brilliance
 S - 6 potions of might
Miscellaneous
 y - a phial of floods
 Z - a fan of gales
Comestibles
 b - 9 fruits
 h - 11 beef jerkies
 n - 15 slices of pizza
 t - 13 meat rations
 I - 19 bread rations


   Skills:
 + Level 18.3 Fighting
 * Level 22.6 Polearms
 + Level 17.2 Bows
 + Level 18.1 Armour
 + Level 16.7 Dodging


You had 19 spell levels left.
You didn't know any spells.

Dungeon Overview and Level Annotations

Branches:
Dungeon (15/15)            Temple (0/1) D:5            Lair (8/8) D:8
  Swamp (4/4) Lair:3       Spider (4/4) Lair:5        Slime (0/6) Lair:6
    Orc (2/2) D:10            Elf (3/3) Orc:2        Vaults (0/5) D:13
 Depths (0/5) D:15

Altars:
Ashenzari
Dithmenos
Elyvilon
Gozag
Kikubaaqudgha
Nemelex Xobeh
Okawaru
Pakellas
Qazlal
Ru
Trog
Vehumet
Xom
Yredelemnul
The Shining One
Beogh
Jiyva

Shops:
D:7 *   D:10 }   Orc:2 !}*%?   Elf:2 (

Portals:
Trove: D:13 (give +6 demon whip)


Innate Abilities, Weirdness & Mutations

You reflexively headbutt those who attack you in melee.
You have a pair of horns on your head.
You are partially covered in rough black scales (AC +4, Dex -1).
You tend to lose your temper in combat.
Your body sometimes deteriorates upon taking damage.
You are weak. (Str -2)


Message History

The deep elf blademaster hits you but does no damage. x2
The deep elf blademaster hits you with a short sword!
* * * LOW HITPOINT WARNING * * *
The deep elf blademaster hits you but does no damage.
You barely miss the deep elf blademaster.
The deep elf blademaster is heavily wounded.
The deep elf blademaster hits you with a short sword!
* * * LOW HITPOINT WARNING * * *
The deep elf blademaster hits you with a short sword!
* * * LOW HITPOINT WARNING * * *
The deep elf blademaster hits you with a short sword.
* * * LOW HITPOINT WARNING * * *
The deep elf blademaster hits you with a short sword.
* * * LOW HITPOINT WARNING * * *
The deep elf blademaster completely misses you.
You furiously retaliate!
You headbutt the deep elf blademaster, but do no damage.
The deep elf blademaster hits you but does no damage.
The deep elf blademaster hits you with a short sword!!
You die... .## #.# ##...# ..## ##.# #...)# ...#####.#.##....# ....'......))....# . .)..'....###))...# .. #...###### ##....# ### ee.

...## ##.)'####.##
..#. ....#
##...##(..## ....#
....#
#.@##.(...#.....#
....#
##.)e(.(⌠e(((.....
....#
#...##.)...#.....#
....# ##).=##...##
.(..# (...#
##.####.## (.#.
....# ### ### .e.
....# .. ...## .
..##


You could see a deep elf blademaster (berserk) and a deep elf annihilator.

Vanquished Creatures
  Saint Roka (Elf:2)
  Jorgrun (Swamp:2)
  Rupert (D:13)
  2 deep elf master archers (Elf:3)
  2 tentacled starspawn (Abyss:3)
  Frances (Swamp:2)
  Agnes (Elf:1)
  3 thorn hunters
  A tengu reaver (D:14)
  Roxanne (Swamp:2)
  Kirke (D:12)
  Gastronok (Lair:2)
  2 frost giants
  Donald (Orc:2)
  Wiglaf (Spider:4)
  4 deep elf sorcerers
  Maud (Orc:2)
  The ghost of Tolias the Archer, a journeyman DgAs (D:15)
  5 emperor scorpions
  A ghost moth (Spider:4)
  Louise (Swamp:4)
  3 deep elf elementalists
  A stone giant (Orc:1)
  4 deep elf demonologists
  5 spark wasps
  5 deep elf annihilators (Elf:3)
  The ghost of simples the Unseen, a journeyman SpEn of Kikubaaqudgha (Volcano)
  Snorg (D:12)
  4 vault guards (D:13)
  A minotaur (Lab)
  A deep elf high priest (Elf:3)
  An entropy weaver (Spider:1)
  A yaktaur captain (D:14)
  35 hydras
  3 centaur warriors
  4 catoblepae
  13 alligators
  A queen ant (Lair:4)
  A death knight (D:13)
  21 dancing weapons
  28 death yaks
  A thrashing horror (Abyss:3)
  5 tengu warriors
  18 deep elf knights
  A soul eater (Abyss:3)
  Nergalle (D:12)
  2 skeletal warriors (D:15)
  2 wretched stars (Abyss:3)
  A spectral emperor scorpion (Spider:4)
  2 unseen horrors
  A spatial maelstrom (Abyss:3)
  8 death scarabs (Spider:4)
  12 swamp dragons
  3 spriggan druids
  An orc knight (D:14)
  4 starcursed masses (Abyss:3)
  2 lindwurms
  4 spectral wolf spiders (Spider:4)
  A griffon (Lair:6)
  19 hill giants
  4 shambling mangroves
  32 wolf spiders
  A necromancer (Spider:1)
  12 deep elf archers
  2 wizards
  A wolf spider (shapeshifter) (D:15)
  37 deep elf magi
  7 hornets
  An oklob plant (Orc:2)
  5 cyclopes
  5 manticores
  10 orc sorcerers
  2 ugly things (D:12)
  14 orb spiders
  5 moths of wrath
  8 slime creatures
  A salamander (D:15)
  6 black mambas
  2 apocalypse crabs (Abyss:3)
  16 elephants
  The ghost of p0werm0de the Fighter, a novice DsAs of Cheibriados (D:6)
  Maurice (Orc:2)
  Joseph (Lair:1)
  A smoke demon (Abyss:3)
  2 molten gargoyles (Volcano)
  2 ice statues (IceCv)
  4 gargoyles
  21 spiny frogs
  A yaktaur (shapeshifter) (D:13)
  A torpor snail (Spider:2)
  5 spectral redbacks (Spider:4)
  The ghost of Liquid the Cutter, a novice HESk of Ru (D:5)
  2 efreet
  3 rime drakes
  A redback zombie (Spider:4)
  15 komodo dragons
  19 demonic crawlers
  2 guardian mummies (D:13)
  9 ice devils (IceCv)
  2 freezing wraiths (D:15)
  A tengu conjurer (D:15)
  2 ancient zymes (Abyss:3)
  A harpy zombie (D:13)
  4 giant leeches
  3 spectral jumping spiders (Spider:4)
  8 trolls
  37 jumping spiders
  3 two-headed ogres
  A minotaur skeleton (Lab)
  3 raiju (Abyss:3)
  10 bog bodies
  5 spectral tarantellas (Spider:4)
  2 tarantella zombies (Spider:4)
  15 blink frogs
  4 jumping spider zombies (Spider:4)
  A hornet zombie (D:15)
  3 shadows
  48 tarantellas
  70 redbacks
  2 water elementals
  7 spriggans
  2 air elementals
  2 small abominations (Abyss:3)
  A ynoxinul (Abyss:3)
  A wraith (D:15)
  8 fire elementals
  31 yaks
  Grum (D:11)
  4 hogs
  4 basilisks
  4 wyverns
  4 hungry ghosts
  A steam dragon (Lair:3)
  A human (D:9)
  19 hippogriffs
  Edmund (D:6)
  A spatial vortex (Abyss:3)
  12 vampire mosquitoes
  28 insubstantial wisps
  A neqoxec (Abyss:3)
  12 wargs
  A mottled dragon (D:14)
  20 swamp worms
  A soldier ant (shapeshifter) (D:14)
  5 soldier ants (Lair:4)
  A hell hound (Abyss:3)
  2 large abominations (Abyss:3)
  14 porcupines
  15 water moccasins
  12 swamp drakes
  24 orc warriors
  3 phantoms
  3 sky beasts
  2 black bears
  4 ice beasts
  5 boggarts (D:15)
  18 wasps
  16 ogres
  14 wolves
  10 centaurs
  19 crocodiles
  3 big kobolds
  19 giant frogs
  2 earth elementals
  A water moccasin zombie (D:6)
  6 scorpions
  6 killer bees (D:9)
  19 wights
  2 electric eels
  2 howler monkeys (D:8)
  5 crimson imps
  2 quasits
  7 hounds
  2 gnoll shamans
  2 jellies
  41 orc wizards
  2 centaur skeletons
  13 orc priests
  2 giant frog zombies (D:5)
  2 giant frog skeletons
  Jessica (D:3)
  13 iguanas
  20 worker ants
  15 sheep
  A hound skeleton (D:9)
  A howler monkey zombie (D:8)
  11 gnolls
  69 river rats
  10 adders
  2 shadow imps (D:11)
  17 white imps
  8 ufetubi (IceCv)
  2 adder zombies
  An adder skeleton (D:8)
  2 worms
  2 dart slugs
  5 giant geckos
  120 orcs
  5 ball pythons
  8 bats
  4 giant cockroaches
  5 goblins
  7 hobgoblins
  12 jackals
  13 kobolds
  6 quokkas
  A giant gecko skeleton (D:6)
  5 giant newts
  6 rats
  A bush (Lair:3)
  3 fire vortices (Volcano)
  2 fungi (Lair:2)
  5 plants
1598 creatures vanquished.

Vanquished Creatures (collateral kills)
  A death knight (D:15)
  A centaur skeleton (D:15)
2 creatures vanquished.

Vanquished Creatures (others)
  A deep elf demonologist (Elf:3)
  A spriggan druid (Swamp:1)
  An orc warrior (Elf:2)
  2 orc wizards
  A white imp (IceCv)
  3 ufetubi (IceCv)
  A fire vortex (Volcano)
  10 fungi
  14 plants
  4 starspawn tentacles (Abyss:3)
  5 starspawn tentacle segments (Abyss:3)
43 creatures vanquished.

Grand Total: 1643 creatures vanquished

Notes
Turn   | Place    | Note
--------------------------------------------------------------
     0 | D:1      | nikopol the Minotaur Berserker began the quest for the Orb.
     0 | D:1      | Reached XP level 1. HP: 19/19 MP: 0/0
   334 | D:1      | Reached XP level 2. HP: 27/27 MP: 1/1
   605 | D:1      | Reached skill level 4 in Polearms
  1020 | D:2      | Reached XP level 3. HP: 31/33 MP: 2/2
  1026 | D:2      | Found a shimmering altar of Xom.
  1143 | D:2      | Reached ** piety under Trog
  1190 | D:2      | Found an oddly glowing altar of Pakellas.
  1399 | D:3      | Reached XP level 4. HP: 40/40 MP: 3/3
  1689 | D:3      | You fall through a shaft for 2 floors!
  1689 | D:5      | Entered Level 5 of the Dungeon
  1775 | D:5      | Reached XP level 5. HP: 45/47 MP: 4/4
  1778 | D:5      | Found an oddly glowing altar of Pakellas.
  1808 | D:4      | Reached skill level 5 in Polearms
  1829 | D:3      | Found a sparkling altar of Nemelex Xobeh.
  1829 | D:3      | Noticed Jessica
  1833 | D:3      | Killed Jessica
  2213 | D:3      | Found an iron altar of Okawaru.
  2213 | D:3      | Found a shattered altar of Ashenzari.
  2214 | D:3      | Found an oddly glowing altar of Pakellas.
  2446 | D:4      | Noticed an ogre
  2459 | D:4      | Killed an ogre
  2459 | D:4      | Reached *** piety under Trog
  2459 | D:4      | Reached skill level 5 in Fighting
  2459 | D:4      | Reached XP level 6. HP: 51/56 MP: 5/5
  3032 | D:4      | Reached skill level 5 in Armour
  3561 | D:5      | Found a stormy altar of Qazlal.
  3563 | D:5      | Reached skill level 6 in Polearms
  3679 | D:5      | Reached XP level 7. HP: 61/61 MP: 6/6
  3687 | D:5      | Noticed Liquid's ghost (novice HESk)
  3694 | D:5      | Killed Liquid's ghost
  3806 | D:5      | Found a staircase to the Ecumenical Temple.
  3836 | D:5      | Reached skill level 5 in Dodging
  3875 | D:5      | Found a sacrificial altar of Ru.
  4158 | D:5      | Reached XP level 8. HP: 70/70 MP: 7/7
  4162 | D:5      | Reached skill level 1 in Bows
  4459 | D:5      | Reached skill level 7 in Polearms
  4709 | D:6      | Reached **** piety under Trog
  4970 | D:6      | Noticed p0werm0de's ghost (novice DsAs)
  4992 | D:6      | Killed p0werm0de's ghost
  5390 | D:6      | Reached XP level 9. HP: 67/79 MP: 8/8
  5540 | D:6      | Noticed Edmund
  5549 | D:6      | Killed Edmund
  5661 | D:7      | Found a radiant altar of Vehumet.
  5761 | D:7      | Reached skill level 8 in Polearms
  5913 | D:7      | Found a white marble altar of Elyvilon.
  5993 | D:7      | Found a shadowy altar of Dithmenos.
  6113 | D:7      | Found Ivigheych's General Store.
  6738 | D:8      | Reached ***** piety under Trog
  6738 | D:8      | Received a gift from Trog
  6738 | D:8      | Reached skill level 5 in Bows
  6747 | D:8      | Found a staircase to the Lair.
  6796 | D:8      | Reached skill level 9 in Polearms
  6896 | D:8      | Reached XP level 10. HP: 52/90 MP: 9/9
  7288 | D:8      | Found a bloodstained altar of Trog.
  7701 | Lair:1   | Entered Level 1 of the Lair of Beasts
  7911 | Lair:1   | Noticed an eight-headed hydra
  7918 | Lair:1   | Killed an eight-headed hydra
  8083 | Lair:1   | Noticed Joseph
  8101 | Lair:1   | Killed Joseph
  8346 | Lair:1   | Noticed a spiny frog
  8357 | Lair:1   | Killed a spiny frog
  8721 | Lair:1   | Received a gift from Trog
  8829 | Lair:2   | Noticed a spiny frog
  8836 | Lair:2   | Killed a spiny frog
  8836 | Lair:2   | Reached skill level 10 in Polearms
  8907 | Lair:2   | Noticed Gastronok
  8930 | Lair:2   | Killed Gastronok
  8930 | Lair:2   | Reached skill level 10 in Fighting
  8930 | Lair:2   | Reached skill level 10 in Armour
  8930 | Lair:2   | Reached XP level 11. HP: 65/99 MP: 10/10
  9569 | Lair:2   | Received a gift from Trog
 10258 | Lair:3   | Reached skill level 11 in Polearms
 10569 | Lair:3   | Found a staircase to the Swamp.
 10597 | Lair:3   | Noticed a lindwurm
 10608 | Lair:3   | Killed a lindwurm
 11266 | Lair:3   | Reached skill level 10 in Dodging
 11406 | Lair:4   | Noticed a five-headed hydra
 11416 | Lair:4   | Killed a five-headed hydra
 11454 | Lair:4   | Received a gift from Trog
 11458 | Lair:4   | Reached XP level 12. HP: 91/110 MP: 11/11
 11525 | Lair:4   | Found a labyrinth entrance.
 11534 | Lab      | Entered a labyrinth
 11825 | Lab      | Found an exit through the horrors of the Abyss.
 12050 | Lab      | Noticed a minotaur
 12063 | Lab      | Killed a minotaur
 12085 | Lab      | Got a brightly glowing silver ring
 12085 | Lab      | Got a vibrating platinum ring
 12086 | Lab      | Got a steaming chain mail
 12637 | Lair:4   | Reached skill level 12 in Polearms
 12863 | Lair:4   | Identified the +1 chain mail "Bant" {Str+3} (You found it in a labyrinth)
 12864 | Lair:4   | Identified the ring of the Hells {rPois MR+ Dex+6 Stlth+} (You found it in a labyrinth)
 12866 | Lair:4   | Identified the cursed ring "Futwom" {Str+5 Dex-2} (You found it in a labyrinth)
 12977 | Lair:4   | Noticed a seven-headed hydra
 12986 | Lair:4   | Killed a seven-headed hydra
 12986 | Lair:4   | Received a gift from Trog
 13119 | Lair:4   | Noticed a queen ant
 13142 | Lair:4   | Killed a queen ant
 13437 | Lair:5   | Found a hole to the Spider Nest.
 13440 | Lair:5   | Noticed a seven-headed hydra
 13452 | Lair:5   | Killed a seven-headed hydra
 13527 | Lair:4   | Got a transparent leather armour
 13538 | Lair:4   | Identified the +1 leather armour of the Untouchables {Dex+5} (You found it on level 4 of the Lair of Beasts)
 14022 | Lair:5   | Noticed a six-headed hydra
 14030 | Lair:5   | Killed a six-headed hydra
 14030 | Lair:5   | Reached skill level 10 in Bows
 14099 | Lair:5   | Noticed a death yak
 14101 | Lair:5   | Reached XP level 13. HP: 118/118 MP: 12/12
 14151 | Lair:5   | Reached skill level 13 in Polearms
 14509 | Lair:5   | Received a gift from Trog
 14949 | Lair:6   | Found a viscous altar of Jiyva.
 14949 | Lair:6   | Found a staircase to the Slime Pits.
 14972 | Lair:6   | Received a gift from Trog
 14975 | Lair:6   | Got a slimy chain mail
 14978 | Lair:6   | Identified a scroll of acquirement
 15330 | Lair:6   | Identified the cursed +1 chain mail "Cinnaaj" {Dex+2} (You found it on level 6 of the Lair of Beasts)
 15643 | Lair:7   | Found a dark tunnel.
 15648 | Volcano  | Entered a volcano
 15910 | Volcano  | Noticed simples's ghost (journeyman SpEn)
 15927 | Volcano  | Killed simples's ghost
 16226 | Lair:7   | Reached skill level 14 in Polearms
 16334 | Lair:7   | Reached XP level 14. HP: 129/129 MP: 4/13
 16772 | Lair:7   | Received a gift from Trog
 17225 | Lair:8   | Entered Level 8 of the Lair of Beasts
 17257 | Lair:8   | Reached ****** piety under Trog
 17290 | Lair:8   | Received a gift from Trog
 17510 | Lair:8   | Received a gift from Trog
 18101 | Lair:8   | Reached skill level 15 in Polearms
 18899 | D:9      | Got a pair of pitted boots
 18910 | D:9      | Identified the +0 pair of boots of Misanthropy {*Corrode Str+4 Int+2} (You acquired it on level 9 of the Dungeon)
 19332 | D:9      | Found an opulent altar of Gozag.
 19354 | D:9      | Received a gift from Trog
 19426 | D:9      | Found a basalt altar of Yredelemnul.
 19757 | D:9      | Received a gift from Trog
 19797 | D:10     | Entered Level 10 of the Dungeon
 19908 | D:10     | Found Udaentef's Quality Used Wands.
 20345 | D:10     | Found a staircase to the Orcish Mines.
 20869 | Orc:1    | Entered Level 1 of the Orcish Mines
 20923 | Orc:1    | Reached XP level 15. HP: 126/137 MP: 14/14
 21475 | Orc:1    | Received a gift from Trog
 21898 | Orc:1    | Received a gift from Trog
 21997 | Orc:1    | Noticed a frost giant
 22014 | Orc:1    | Killed a frost giant
 22018 | Orc:1    | Received a gift from Trog
 22128 | Orc:1    | Got a smoking plate armour
 22144 | Orc:1    | Identified the +5 plate armour "Hicwis" {Dex+4} (You found it on level 1 of the Orcish Mines)
 22322 | Orc:2    | Entered Level 2 of the Orcish Mines
 22322 | Orc:2    | Noticed Maurice
 22325 | Orc:2    | Killed Maurice
 22431 | Orc:2    | Noticed Donald
 22442 | Orc:2    | Killed Donald
 22442 | Orc:2    | Reached skill level 16 in Polearms
 22698 | Orc:2    | Received a gift from Trog
 22721 | Orc:2    | Found a roughly hewn altar of Beogh.
 22796 | Orc:2    | Found a staircase to the Elven Halls.
 22805 | Orc:2    | Noticed Maud
 22818 | Orc:2    | Killed Maud
 22860 | Orc:2    | Received a gift from Trog
 22886 | Orc:2    | Found Lexzagg's Distillery.
 22972 | Orc:2    | Found Umoff's Gadget Shoppe.
 22992 | Orc:2    | Found Odankywo's General Store.
 23000 | Orc:2    | Received a gift from Trog
 23341 | Orc:2    | Found Esorphuf's Magic Scroll Boutique.
 23354 | Orc:2    | Found Xefuwaat's Food Shoppe.
 23361 | Orc:2    | Paralysed by an orc sorcerer for 4 turns
 23563 | D:11     | Found a frozen archway.
 23575 | IceCv    | Entered an ice cave
 23838 | IceCv    | Received a gift from Trog
 23909 | IceCv    | Got a warped bronze amulet
 23917 | IceCv    | Identified the amulet "Feowouci" {Harm *Drain Slay+3} (You found it in an ice cave)
 24128 | D:11     | Noticed Grum
 24131 | D:11     | Killed Grum
 24678 | D:12     | Noticed Snorg
 24686 | D:12     | Killed Snorg
 24945 | D:12     | Noticed Kirke
 24978 | D:12     | Killed Kirke
 25257 | D:12     | Received a gift from Trog
 25305 | D:12     | Noticed Nergalle
 25311 | D:12     | Killed Nergalle
 25311 | D:12     | Reached XP level 16. HP: 147/147 MP: 15/15
 25492 | D:13     | Received a gift from Trog
 25909 | D:13     | Found a gate to the Vaults.
 25930 | D:13     | Received a gift from Trog
 25930 | D:13     | Reached skill level 17 in Polearms
 25999 | D:13     | Reached skill level 15 in Bows
 26033 | D:13     | Noticed Rupert
 26044 | D:13     | Killed Rupert
 26298 | D:13     | Found a portal to a secret trove of treasure.
 26768 | D:14     | Found a glowing golden altar of the Shining One.
 26992 | D:14     | Found a runed door.
 27002 | D:14     | Noticed a tengu reaver
 27050 | D:14     | Killed a tengu reaver
 27244 | D:14     | Received a gift from Trog
 27447 | D:15     | Entered Level 15 of the Dungeon
 27561 | D:15     | Reached skill level 15 in Armour
 27563 | D:15     | Noticed Tolias's ghost (journeyman DgAs)
 27578 | D:15     | Killed Tolias's ghost
 27642 | D:15     | Reached skill level 15 in Fighting
 27674 | D:15     | Gained mutation: You are partially covered in rough black scales (AC +4, Dex -1). [potion of beneficial mutation]
 28481 | D:15     | Got a pitted cloak
 28492 | D:15     | Identified the cursed +0 cloak of Classification {rF+ rCorr} (You found it on level 15 of the Dungeon)
 28790 | D:15     | Found a staircase to the Depths.
 29071 | Swamp:1  | Entered Level 1 of the Swamp
 29375 | Swamp:1  | Reached skill level 18 in Polearms
 29704 | Swamp:1  | Received a gift from Trog
 29707 | Swamp:1  | Got a bloodstained shortbow {god gift}
 29708 | Swamp:1  | Identified the +5 shortbow of the Ten Wishes {speed, +Blink Str+4 Int+3} (Trog gifted it to you on level 1 of the Swamp)
 30018 | Swamp:2  | Reached XP level 17. HP: 136/152 MP: 16/16
 30266 | Swamp:2  | Noticed Jorgrun
 30279 | Swamp:2  | Killed Jorgrun
 30389 | Swamp:2  | Noticed Frances
 30398 | Swamp:2  | Killed Frances
 30899 | Swamp:2  | Noticed Roxanne
 30934 | Swamp:2  | Killed Roxanne
 31736 | Swamp:3  | Received a gift from Trog
 31982 | Swamp:4  | Entered Level 4 of the Swamp
 32019 | Swamp:4  | Reached skill level 19 in Polearms
 32172 | Swamp:4  | Received a gift from Trog
 32826 | Swamp:4  | Noticed Louise
 32859 | Swamp:4  | Cast into level 3 of the Abyss (Louise)
 32859 | Abyss:3  | Found a corrupted altar of Lugonu.
 32978 | Abyss:3  | Found a corrupted altar of Lugonu.
 33162 | Abyss:3  | Reached skill level 15 in Dodging
 33185 | Abyss:3  | Reached XP level 18. HP: 157/167 MP: 15/17
 33211 | Abyss:3  | Gained mutation: You tend to lose your temper in combat. [a neqoxec]
 33346 | Swamp:4  | Escaped the Abyss
 33381 | Swamp:4  | Killed Louise
 33530 | Swamp:4  | Got a decaying rune of Zot
 33618 | Swamp:4  | Received a gift from Trog
 33841 | Swamp:4  | Reached skill level 20 in Polearms
 34034 | Spider:1 | Entered Level 1 of the Spider Nest
 34231 | Spider:1 | Received a gift from Trog
 35333 | Spider:2 | Received a gift from Trog
 36715 | Spider:3 | Received a gift from Trog
 36980 | Spider:3 | Received a gift from Trog
 37594 | Spider:3 | Received a gift from Trog
 37656 | Spider:3 | Reached skill level 21 in Polearms
 37677 | Spider:3 | Received a gift from Trog
 38089 | Spider:4 | Entered Level 4 of the Spider Nest
 38315 | Spider:4 | Noticed Wiglaf
 38332 | Spider:4 | Killed Wiglaf
 38396 | Spider:4 | Reached XP level 19. HP: 152/177 MP: 18/18
 38720 | Spider:4 | Got a slimy granite ring
 38722 | Spider:4 | Identified the ring of the Burgomaster {SustAt rPois} (You found it on level 4 of the Spider Nest)
 39159 | Spider:4 | Received a gift from Trog
 39943 | Spider:4 | Got a gossamer rune of Zot
 40424 | Elf:1    | Entered Level 1 of the Elven Halls
 41173 | Elf:1    | Noticed Agnes
 41183 | Elf:1    | Killed Agnes
 41256 | Elf:1    | Found an ancient bone altar of Kikubaaqudgha.
 41814 | Elf:2    | Received a gift from Trog
 41921 | Elf:2    | Got a translucent golden ring
 41959 | Elf:2    | Found a runed gate.
 41959 | Elf:2    | Found a runed gate.
 41959 | Elf:2    | Found a runed gate.
 41980 | Elf:2    | Found Vaymaesm's Antique Weapon Emporium.
 42262 | Elf:2    | Noticed Saint Roka
 42302 | Elf:2    | Killed Saint Roka
 42354 | Elf:2    | Reached skill level 22 in Polearms
 42693 | Elf:2    | Received a gift from Trog
 42898 | Elf:2    | Received a gift from Trog
 42959 | Elf:2    | Reached XP level 20. HP: 187/187 MP: 8/19
 43178 | Elf:2    | Received a gift from Trog
 43574 | Elf:3    | Entered Level 3 of the Elven Halls
 43627 | Elf:3    | Received a gift from Trog
 43633 | Elf:3    | Got a scorched glaive {god gift}
 43634 | Elf:3    | Identified the +8 glaive of Fiqax {venom, rF- Str+2 Int+6} (Trog gifted it to you on level 3 of the Elven Halls)
 43849 | Elf:3    | Gained mutation: Your body sometimes deteriorates upon taking damage. [a cacodemon]
 43855 | Elf:3    | Gained mutation: You are weak. (Str -2) [a cacodemon]
 44043 | Elf:3    | Identified the ring "Jonteosio" {+Inv rN+ Int+3 Dex+3} (You took it off a deep elf mage on level 2 of the Elven Halls)
 44097 | Elf:3    | Mangled by a deep elf blademaster

Skill      XL: |  1  2  3  4  5  6  7  8  9 10 11 12 13 14 15 16 17 18 19 20 |
---------------+-------------------------------------------------------------+-----
Polearms       | 4 5 6 7 9 10 11 12 14 15 16 18 19 21 22 | 22.6
Armour         | 3 4 5 6 7 8 10 11 12 13 14 15 16 17 18 | 18.1
Fighting       | 4 5 6 7 8 10 11 12 13 14 15 16 17 18 | 18.3
Dodging        | 3 4 5 6 7 8 10 11 12 13 14 15 16 | 16.7
Bows           | 3 5 7 8 10 11 13 14 15 16 17 | 17.2

Action                   |  1- 3 |  4- 6 |  7- 9 | 10-12 | 13-15 | 16-18 | 19-21 || total
-------------------------+-------+-------+-------+-------+-------+-------+-------++-------
Melee: Spear             |   100 |   143 |   298 |   615 |    84 |       |       ||  1240
       Headbutt          |    10 |    27 |    53 |   197 |   277 |   255 |   110 ||   929
       Halberd           |       |       |       |       |   559 |       |       ||   559
       Demon trident     |       |       |       |       |   117 |   491 |       ||   608
       Glaive            |       |       |       |       |       |   333 |   203 ||   536
       Bardiche          |       |       |       |       |       |       |   251 ||   251
 Fire: Shortbow          |       |       |   125 |   316 |       |  1221 |   638 ||  2300
       Longbow           |       |       |       |    73 |   749 |   279 |       ||  1101
Invok: Berserk           |       |     1 |     6 |     5 |     9 |     5 |     3 ||    29
       Burn Spellbooks   |       |       |     1 |     2 |     2 |     2 |     1 ||     8
 Abil: Evoke Invisibilit |       |       |       |     1 |       |       |       ||     1
Evoke: Fan of gales      |       |       |       |       |       |     1 |       ||     1
  Use: Scroll            |       |       |       |    32 |    10 |     9 |     4 ||    55
       Potion            |       |       |       |     1 |       |     2 |       ||     3
 Stab: Sleeping          |       |       |     1 |       |       |       |       ||     1
  Eat: Chunk             |     1 |     8 |    17 |    27 |    42 |    47 |    24 ||   166
       Beef jerky        |       |       |       |     2 |       |     1 |       ||     3
       Royal jelly       |       |       |       |       |     1 |       |     1 ||     2
       Fruit             |       |       |       |       |       |     1 |       ||     1
Armor: Animal skin       |     7 |       |       |       |       |       |       ||     7
       Ring mail         |    15 |    19 |    76 |       |       |       |       ||   110
       Scale mail        |       |       |       |   108 |       |       |       ||   108
       Chain mail        |       |       |       |    22 |   216 |   210 |       ||   448
       Plate armour      |       |       |       |       |       |   194 |   270 ||   464
Dodge: Dodged            |    46 |    46 |   119 |   261 |   478 |   820 |   463 ||  2233
